 Dungeon Crawl Stone Soup version 0.29.1-15-g9cfb28693d (webtiles) character file.

Game seed: 3063073025094879009

14823 Silvore the Carver (level 11, -5/99 HPs)
             Began as a Minotaur Fighter on May 2, 2023.
             Was a High Priest of Okawaru.
             Slain by a boulder beetle (12 damage)
             ... on level 10 of the Dungeon.
             The game lasted 00:23:02 (14910 turns).

Silvore the Carver (Minotaur Fighter)              Turns: 14910, Time: 00:23:02

Health: -5/99      AC: 20    Str: 25    XL:     11   Next: 93%
Magic:  10/10      EV:  9    Int:  5    God:    Okawaru [*****.]
Gold:   621        SH:  6    Dex: 10    Spells: 10/10 levels left

rFire   . . .      SeeInvis +   k - +3 long sword (flame)
rCold   . . .      Faith    +   c - +0 buckler
rNeg    + . .      Spirit   .   E - +0 plate armour
rPois   .          Reflect  .   (helmet restricted)
rElec   .          Harm     .   (no cloak)
rCorr   .          Rampage  .   B - +2 pair of gloves
Will    .....                   d - +0 pair of boots
Stlth   ..........              m - amulet of faith
HPRegen 0.26/turn               x - ring of see invisible
MPRegen 0.12/turn               r - ring of positive energy

@: no status effects
A: horns 2, retaliatory headbutt
a: Renounce Religion, Heroism, Finesse, Duel


You were on level 10 of the Dungeon.
You worshipped Okawaru.
Okawaru was extremely pleased with you.
You visited 3 branches of the dungeon, and saw 13 of its levels.
You also visited: Sewer.

You collected 621 gold pieces.

Inventory:

Hand Weapons
 a - a +0 long sword of protection
 k - a +3 long sword of flaming (weapon)
Missiles
 F - a throwing net (quivered)
Armour
 c - a +0 buckler (worn)
 d - a +0 pair of boots (worn)
 u - a +0 chain mail
 y - a +0 pair of gloves
 B - a +2 pair of gloves (worn)
 E - a +0 plate armour (worn)
Jewellery
 m - an amulet of faith (around neck)
 o - a +6 ring of intelligence
 r - a ring of positive energy (right hand)
 x - a ring of see invisible (left hand)
 G - a ring of ice
Wands
 s - a wand of iceblast (8)
 t - a wand of flame (28)
 A - a wand of paralysis (14)
Scrolls
 b - 3 scrolls of fear
 e - 2 scrolls of blinking
 h - a scroll of poison
 w - 6 scrolls of identify
 H - a scroll of teleportation
Potions
 f - 3 potions of brilliance
 g - 3 potions of flight
 i - 2 potions of might
 j - 3 potions of mutation
 l - 3 potions of invisibility
 n - 10 potions of degeneration
 p - 3 potions of berserk rage
 q - 2 potions of haste
 v - 3 potions of curing
 z - a potion of cancellation
 C - 2 potions of lignification
 D - a potion of magic


   Skills:
 + Level 10.1 Fighting
 + Level 3.8(8.7) Short Blades
 + Level 13.1(13.3) Long Blades
 + Level 12.6 Armour
 + Level 5.8 Dodging
 + Level 1.7 Stealth
 + Level 9.3 Shields
 + Level 2.4 Unarmed Combat
 + Level 0.7 Invocations


You had 10 spell levels left.
You didn't know any spells.
Your spell library contained the following spells:

 Spells                   Type           Power      Damage    Failure   Level
 Freeze                   Ice            0%         1d3       99%         1
 Poisonous Vapours        Pois/Air       0%         N/A       100%        2
 Conjure Flame            Conj/Fire      0%         6-21      100%        3
 Frozen Ramparts          Ice            0%         1d1       100%        3
 Ignite Poison            Fire/Tmut/Pois 0%         N/A       100%        3
 Mephitic Cloud           Conj/Pois/Air  0%         N/A       100%        3
 Corpse Rot               Necr/Pois/Air  0%         N/A       100%        4
 Hailstorm                Conj/Ice       0%         3d3       100%        4
 Sticky Flame             Conj/Fire      0%         2d3       100%        4
 Freezing Cloud           Conj/Ice/Air   0%         6-21      100%        5
 Borgnjor's Revivificati  Necr           0%         N/A       100%        8
 Necromutation            Tmut/Necr      0%         N/A       100%        8
 Death's Door             Necr           0%         N/A       100%        9


Dungeon Overview and Level Annotations

Branches:
Dungeon (11/15)            Temple (1/1) D:7            Lair (1/5) D:10
    Orc (0/2) D:11          Sewer (visited)

Altars:
Ashenzari
Cheibriados
Dithmenos
Elyvilon
Fedhas
Gozag
Hepliaklqana
Kikubaaqudgha
Makhleb
Nemelex Xobeh
Okawaru
Qazlal
Ru
Sif Muna
Trog
Uskayaw
Vehumet
Wu Jian
Xom
Yredelemnul
Zin
The Shining One

Shops:
D:2 ((([=   D:3 (

Annotations:
D:8 2 runed translucent doors
D:9 Gastronok


Innate Abilities, Weirdness & Mutations

You have a pair of horns on your head.
You reflexively headbutt those who attack you in melee.


Message History

The boulder beetle hits you!!!
* * * LOW HITPOINT WARNING * * *
The boulder beetle stops rolling and uncurls.
You hit the boulder beetle but do no damage.
You headbutt the boulder beetle!
The boulder beetle is almost dead.
The boulder beetle leaps!
You hit the boulder beetle but do no damage.
You headbutt the boulder beetle, but do no damage.
The boulder beetle is almost dead.
The boulder beetle bites you!
* * * LOW HITPOINT WARNING * * *
You hit the boulder beetle but do no damage.
The boulder beetle is almost dead.
You hit the boulder beetle but do no damage.
The boulder beetle is almost dead.
The boulder beetle leaps!
You start resting.
A boulder beetle is nearby!
You hit the boulder beetle but do no damage.
The boulder beetle is almost dead.
You block the boulder beetle's attack.
You hit the boulder beetle but do no damage.
You headbutt the boulder beetle.
The boulder beetle is almost dead.
You block the boulder beetle's attack.
You hit the boulder beetle. You burn the boulder beetle.
You headbutt the boulder beetle, but do no damage.
The boulder beetle is almost dead.
The boulder beetle leaps!
You start resting.
A boulder beetle is nearby!
The boulder beetle curls into a ball and begins rolling!
The boulder beetle hits you!
* * * LOW HITPOINT WARNING * * *
The boulder beetle stops rolling and uncurls.
You hit the boulder beetle but do no damage.
The boulder beetle is almost dead.
The boulder beetle bites you!
You die...

#....#..............#.
#....#..............#.
#....#..............'.
#....#......##......##
#....##.....##......##
######...##.....##......#.
##...##..........#[......##
#....#...........'.......##
##...#....@......#.........
##.))#...B.......##......##
#..))#....##.....##......##
#....#....######'##........
#....#...........#.........
#....#...........#.........
#..<.#...........#.......##
########.[.#....##.....##......##
#.....##...#....##########'######


You could see a boulder beetle.

Vanquished Creatures
  Fannar (D:10)
  A boulder beetle (D:11)
  2 two-headed ogres
  Joseph (D:9)
  An unseen horror (D:8)
  7 yaks
  2 wraiths
  2 wyverns
  A shadow (D:11)
  A steam dragon (D:8)
  Menkaure (D:5)
  2 acid dragons
  4 water moccasins
  A swamp drake (D:11)
  2 orc warriors
  A sky beast (D:6)
  2 black bears
  3 ogres
  3 centaurs
  4 phantoms
  5 bullfrogs
  3 kobold brigands
  A necrophage (D:8)
  3 gnoll sergeants
  4 scorpions
  13 wights
  4 killer bees (D:10)
  6 howler monkeys
  4 gnoll boudas
  4 hounds
  11 orc priests
  2 iguanas
  9 orc wizards
  Natasha (thrice) (D:2)
  Robin (D:2)
  29 gnolls
  7 adders
  4 river rats
  2 white imps (D:6)
  3 ufetubi (D:4)
  A worm (D:3)
  2 dart slugs
  44 orcs
  4 endoplasms
  7 giant cockroaches
  11 goblins
  15 hobgoblins
  8 jackals
  5 quokkas
  11 ball pythons
  2 bats
  3 frilled lizards
  13 kobolds
  4 rats
290 creatures vanquished.

Vanquished Creatures (others)
  A human (D:9)
  12 plants
13 creatures vanquished.

Grand Total: 303 creatures vanquished

Notes
Turn   | Place    | Note
-------+----------+-------------------------------------------
     0 | D:1      | Silvore the Minotaur Fighter began the quest for the Orb.
     0 | D:1      | Reached XP level 1. HP: 19/19 MP: 0/0
   243 | D:1      | Reached XP level 2. HP: 27/27 MP: 1/1
   967 | D:2      | Found Fel Ikk's Antique Armour Emporium.
   997 | D:2      | Reached XP level 3. HP: 8/33 MP: 2/2
  1241 | D:2      | Found Xuwau's Antique Weapon Shop.
  1304 | D:2      | Identified the amulet "Ujusunepp" {Spirit Harm rPois rC++
                  | Int-3}
  1311 | D:2      | Found Ahuiky's Jewellery Emporium.
  1342 | D:2      | Noticed Natasha
  1347 | D:2      | Killed Natasha
  1348 | D:2      | Reached XP level 4. HP: 32/41 MP: 3/3
  1406 | D:2      | Noticed Natasha
  1421 | D:2      | Killed Natasha
  1422 | D:2      | Reached skill level 3 in Long Blades
  1475 | D:2      | Noticed Natasha
  1481 | D:2      | Killed Natasha
  1482 | D:2      | Reached skill level 5 in Armour
  1680 | D:2      | Noticed Robin
  1695 | D:2      | Reached XP level 5. HP: 24/47 MP: 4/4
  1698 | D:2      | Killed Robin
  1892 | D:2      | Found Bopretz's Weapon Shop.
  1956 | D:2      | Found Ramm's Weapon Emporium.
  2184 | D:3      | Found Yffiopo's Antique Weapon Emporium.
  2887 | D:4      | Reached skill level 5 in Fighting
  2887 | D:4      | Reached skill level 4 in Long Blades
  2887 | D:4      | Reached skill level 1 in Dodging
  2942 | D:4      | Reached XP level 6. HP: 14/56 MP: 5/5
  2956 | D:4      | Found a glowing drain.
  2961 | Sewer    | Entered a sewer
  4009 | D:4      | Reached skill level 5 in Long Blades
  4111 | D:4      | Reached XP level 7. HP: 56/61 MP: 6/6
  4164 | D:4      | Reached skill level 5 in Shields
  4631 | D:5      | Entered Level 5 of the Dungeon
  4793 | D:5      | Reached skill level 6 in Long Blades
  4919 | D:5      | Noticed Menkaure
  5267 | D:5      | Killed Menkaure
  5268 | D:5      | Reached XP level 8. HP: 59/70 MP: 7/7
  5289 | D:5      | Reached skill level 7 in Long Blades
  5912 | D:5      | Identified the +0 ring mail of Pathos {rPois}
  6724 | D:6      | Reached skill level 8 in Long Blades
  6724 | D:6      | Reached skill level 1 in Stealth
  7260 | D:7      | Found a staircase to the Ecumenical Temple.
  7310 | Temple   | Entered the Ecumenical Temple
  7316 | Temple   | Became a worshipper of Warmaster Okawaru
  8193 | D:7      | Reached XP level 9. HP: 42/68 MP: 8/8
  8884 | D:7      | Reached * piety under Okawaru
  8993 | D:7      | Found a sparkling altar of Nemelex Xobeh.
  8996 | D:7      | Found a shimmering altar of Xom.
  8999 | D:7      | Found a shimmering blue altar of Sif Muna.
  9013 | D:7      | Found a glowing golden altar of the Shining One.
  9254 | D:8      | Reached skill level 9 in Long Blades
 10273 | D:8      | Reached ** piety under Okawaru
 10375 | D:8      | Reached skill level 10 in Long Blades
 10375 | D:8      | Reached skill level 10 in Armour
 10397 | D:8      | Noticed a two-headed ogre
 10417 | D:8      | Killed a two-headed ogre
 10417 | D:8      | Reached *** piety under Okawaru
 10418 | D:8      | Reached XP level 10. HP: 47/88 MP: 9/9
 10733 | D:8      | Reached skill level 11 in Long Blades
 10733 | D:8      | Reached skill level 5 in Dodging
 10733 | D:8      | Reached XP level 11. HP: 97/97 MP: 10/10
 10841 | D:8      | Found a runed translucent door.
 10841 | D:8      | Noticed a boulder beetle
 10842 | D:8      | Found a runed translucent door.
 10842 | D:8      | Noticed a deep elf pyromancer
 10842 | D:8      | Noticed a death knight
 10844 | D:8      | Noticed a catoblepas
 10845 | D:8      | Noticed a deep elf pyromancer
 11189 | D:9      | Noticed Joseph
 11195 | D:9      | Killed Joseph
 11221 | D:9      | Reached **** piety under Okawaru
 11724 | D:9      | Found an ancient bone altar of Kikubaaqudgha.
 11974 | D:9      | Noticed Gastronok
 12050 | D:9      | Reached skill level 12 in Long Blades
 12075 | D:9      | HP: 4/97 [Gastronok (13)]
 12089 | D:10     | Entered Level 10 of the Dungeon
 12369 | D:10     | Noticed Fannar
 12392 | D:10     | Killed Fannar
 12650 | D:10     | Found a bloodstained altar of Trog.
 13185 | D:10     | Reached ***** piety under Okawaru
 13344 | D:10     | Found a staircase to the Lair.
 13352 | D:10     | You fall into a shaft and drop 1 floor!
 13484 | D:11     | Found a staircase to the Orcish Mines.
 13975 | D:11     | Noticed a boulder beetle
 14006 | D:11     | Killed a boulder beetle
 14007 | D:11     | Reached skill level 10 in Fighting
 14007 | D:11     | Reached skill level 13 in Long Blades
 14298 | D:10     | Noticed a two-headed ogre
 14305 | D:10     | Killed a two-headed ogre
 14806 | Lair:1   | Entered Level 1 of the Lair of Beasts
 14806 | Lair:1   | Noticed a boulder beetle
 14910 | D:10     | Slain by a boulder beetle

Illustrated notes

Levels and vault maps discovered:
D:1:      dpeg_arrival_boxorama, layout_basic
D:2:      layout_rooms, serial_shops, nicolae_shop_crystal, shop,
          nicolae_shop_hallway_plus, shop, shop_coins, uniq_robin, uniq_natasha
D:3:      layout_rooms, serial_shops, shop_fountains,
          chequers_serial_rivers_micro_a, serial_bayou_lagoon_a
D:4:      layout_cave_pods, gup_sewer_entry_bowl
D:5:      layout_basic, st_stairs_3, minmay_misc_feat_rugged, uniq_menkaure
D:6:      layout_loops_cross
D:7:      layout_rooms, grunt_temple_overflow_cloverleaf,
          minmay_temple_entry_overgrown
D:8:      minmay_the_grid_triangle_9x9_rhombus_full
          [minmay_the_grid_triangle_9x9_sparse_checkered,
          minmay_the_grid_triangle_9x9_shrine,
          minmay_the_grid_triangle_9x9_zippers_horizontal,
          minmay_the_grid_triangle_9x9_wacky_v,
          minmay_the_grid_triangle_9x9_cache,
          minmay_the_grid_triangle_9x9_tough_junction,
          minmay_the_grid_triangle_9x9_impossible_snake,
          minmay_the_grid_triangle_9x9_prize_schism], layout_gridville
D:9:      layout_rooms, tgw_kikubaaqudgha, uniq_gastronok, uniq_joseph
D:10:     layout_gridville, mainiacjoe_overflow_concentric_impassable,
          lair_entry_dummy, uniq_fannar
D:11:     layout_gridville, erik_orc_1
Temple:   kb_temple_of_zot
Lair:1:   layout_regular_city

Skill      XL: |  1  2  3  4  5  6  7  8  9 10 11 |
---------------+----------------------------------+-----
Shields        | 4 5 6 7 8 9 |  9.3
Armour         | 4 5 7 8 10 11 12 | 12.6
Fighting       | 4 5 6 8 9 10 | 10.1
Long Blades    | 3 4 5 6 8 10 11 13 | 13.1
Dodging        | 1 2 3 4 5 |  5.8
Stealth        | 1 |  1.7
Short Blades   | 3 |  3.8
Unarmed Combat | 2 |  2.4
Invocations    | |  0.7

Action                   |  1- 3 |  4- 6 |  7- 9 | 10-12 || total
-------------------------+-------+-------+-------+-------++-------
Melee: Long sword        |    70 |   206 |   383 |   388 ||  1047
       Headbutt          |     8 |    37 |    70 |    90 ||   205
Throw: Throwing net      |       |       |       |     1 ||     1
Invok: Heroism           |       |       |       |     3 ||     3
       Finesse           |       |       |       |     1 ||     1
  Use: Scroll            |     4 |     8 |    10 |     8 ||    30
       Potion            |       |     7 |     4 |     5 ||    16
 Stab: Petrified         |       |       |       |     6 ||     6
Armor: Scale mail        |    39 |   127 |    11 |       ||   177
       Chain mail        |       |       |   216 |    97 ||   313
       Plate armour      |       |       |       |   133 ||   133
Dodge: Dodged            |    47 |   100 |   192 |   191 ||   530
Block: Buckler           |    19 |    55 |   129 |   111 ||   314
